Map: Prion Terraces

Players

HeroMarine

  • Race: Terran Terran
  • League: Grandmaster

LiquidBunny (Bunny) - Winner!

  • Race: Terran Terran
  • League: Grandmaster

Event: Homestory Cup XII

VOD

Have the link to the VOD?

Description

Time

  • Played on: Dec. 19, 2015, 10:42 a.m.
  • Length: 4:02

All games in this series

Show
View Real Time Build Order
Export as new Build Order

HeroMarine Terran 

Build Orders: 1/1/1 

Get SALT Encoding   

  12  0:00  SCV  
  13  0:13  SCV  
  14  0:17  Supply Depot  
  14  0:25  SCV  
  15  0:33  Refinery  
  15  0:39  SCV  
  16  0:44  Barracks  
  16  0:51  SCV  
  16  0:54  Refinery  
  17  1:03  SCV  
  18  1:15  SCV  
  19  1:30  Orbital Command  
  19  1:31  Factory  
  19  1:36  Reaper  
  20  1:45  Supply Depot  
  20  1:56  SCV  
  21  2:08  SCV  
  22  2:09  Reaper  
  23  2:16  Hellion  
  23  2:19  Starport  
  23  2:20  SCV  
  26  2:23  Supply Depot  
  26  2:32  SCV  
  27  2:41  Reaper  
  27  2:45  SCV  
  27  2:48  Hellion  
  30  2:57  SCV  
  26  3:09  Viking  
  22  3:29  SCV  
Show
View Real Time Build Order
Export as new Build Order

LiquidBunny Terran - Winner!

Build Orders:  

Get SALT Encoding   

  12  0:00  SCV  
  13  0:12  SCV  
  14  0:17  Supply Depot  
  14  0:25  SCV  
  15  0:39  SCV  
  15  0:41  Barracks  
  16  0:47  Refinery  
  16  0:51  SCV  
  17  1:04  Barracks  
  17  1:17  Barracks  
  17  1:26  Refinery  
  17  1:31  Reaper  
  18  1:39  Supply Depot  
  18  1:46  SCV  
  19  1:51  Reaper  
  20  1:58  SCV  
  21  2:03  Reaper  
  22  2:19  Reaper  
  22  2:22  SCV  
  24  2:23  Reaper  
  25  2:35  Reaper  
  26  2:46  Orbital Command  
  26  2:51  Reaper  
  26  2:55  Reaper  
  27  3:08  Reaper  
  27  3:10  Supply Depot  
  28  3:21  SCV  
  28  3:23  Reaper  
  30  3:27  Reaper  
Tags
 
Add a new tag
Caveats
  • Supply blocks, unpowered buildings, or Contaminate may cause inaccurate times.
  • Supply counts are checked every 10 seconds.